 Dungeon Crawl Stone Soup version 0.23.2-40-g277498a001 (webtiles) character file.

Game seed: 13492078572412175372

8172 Emblim88 the Magician (level 11, -1/85 HPs)
             Began as a Gnoll Warper on Aug 23, 2019.
             Was a Priest of Makhleb.
             Slain by a sky beast (6 damage)
             ... on level 10 of the Dungeon.
             The game lasted 00:34:17 (11995 turns).

Emblim88 the Magician (Gnoll Warper)               Turns: 11995, Time: 00:34:17

Health: -1/85      AC: 11    Str: 14    XL:     11   Next: 26%
Magic:  22/22      EV: 14    Int: 16    God:    Makhleb [***...]
Gold:   642        SH: 12    Dex: 19    Spells: 13/25 levels left

rFire    . . .     SeeInvis .   g - +6 long sword "Newt's Regret" {drain, +Rage rC- rN+}
rCold    x . .     Gourm    .   S - +2 shield
rNeg     + . .     Faith    .   y - +2 ring mail {MR+}
rPois    +         Spirit   .   X - +0 hat
rElec    .         Reflect  .   v - +0 cloak
rCorr    .         Harm     .   u - +0 pair of gloves
MR       +....                  (no boots)
Stlth    +++.......             w - amulet of magic regeneration
HPRegen  0.24/turn              Y - ring of poison resistance
MPRegen  0.43/turn              K - +2 ring of dexterity

@: very slightly contaminated
A: distributed training, fangs 1, strong nose
a: Minor Destruction, Lesser Servant of Makhleb, Renounce Religion, Evoke
Berserk Rage


You were on level 10 of the Dungeon.
You worshipped Makhleb.
Makhleb was most pleased with you.
You were not hungry.

You visited 2 branches of the dungeon, and saw 11 of its levels.

You collected 642 gold pieces.

Inventory:

Hand Weapons
 g - the +6 long sword "Newt's Regret" (weapon) {drain, +Rage rC- rN+}
   (You found it on level 6 of the Dungeon)

   A truly terrible weapon, it drains the life of those it strikes.
   It makes you vulnerable to cold.
   It protects you from negative energy.
   It lets you go berserk.
 s - a +1 shortbow
 T - a +3 short sword
Missiles
 b - 77 arrows
 p - a throwing net
 q - 5 curare-tipped needles
 z - 10 tomahawks
 I - 12 poisoned needles (quivered)
Armour
 u - a +0 pair of gloves (worn)
 v - a +0 cloak (worn)
 y - a +2 ring mail of magic resistance (worn)
 M - a +0 ring mail of cold resistance
 S - a +2 shield (worn)
 U - a cursed +0 ring mail
 X - a +0 hat (worn)
Magical Staves
 c - an uncursed staff of death {unknown}
 V - a cursed staff of wizardry
Jewellery
 j - an uncursed ring of resist corrosion
 w - an amulet of magic regeneration (around neck)
 K - a +2 ring of dexterity (right hand)
 N - an uncursed ring of ice
 W - a -2 ring of intelligence
 Y - a ring of poison resistance (left hand)
Wands
 d - a wand of disintegration (9)
 e - a wand of random effects (24)
 h - a wand of clouds (3)
 n - a wand of enslavement (7)
Scrolls
 a - a scroll of blinking
 i - 6 scrolls of remove curse
 k - a scroll of acquirement {unknown}
 l - 3 scrolls of immolation
 m - 2 scrolls of vulnerability {unknown}
 r - a scroll of enchant armour {unknown}
 A - a scroll of magic mapping
 D - a scroll of random uselessness {unknown}
 F - 4 scrolls of teleportation
 J - a scroll of fog {unknown}
 P - 2 scrolls of holy word {unknown}
 Q - a scroll of silence {unknown}
 R - a scroll of enchant weapon
 Z - a scroll of identify
Potions
 o - a potion of resistance
 t - a potion of magic
 x - a potion of mutation
 B - a potion of degeneration
 C - a potion of flight
 E - a potion of brilliance
 G - 2 potions of lignification {unknown}
 H - a potion of ambrosia {unknown}
 L - a potion of berserk rage {unknown}
 O - a potion of heal wounds
Comestibles
 f - 13 rations


   Skills:
 + Level 7.6 Fighting
 + Level 6.0 Short Blades
 + Level 7.6 Long Blades
 + Level 6.0 Axes
 + Level 6.0 Maces & Flails
 + Level 6.0 Polearms
 + Level 6.0 Staves
 + Level 6.0 Slings
 + Level 6.0 Bows
 + Level 6.0 Crossbows
 + Level 6.6 Throwing
 + Level 6.6 Armour
 + Level 7.6 Dodging
 + Level 6.0 Stealth
 + Level 6.0 Shields
 + Level 6.0 Unarmed Combat
 + Level 7.9 Spellcasting
 + Level 5.0 Conjurations
 + Level 5.0 Hexes
 + Level 5.0 Charms
 + Level 5.0 Summonings
 + Level 5.0 Necromancy
 + Level 7.5 Translocations
 + Level 5.0 Transmutations
 + Level 5.0 Fire Magic
 + Level 5.0 Ice Magic
 + Level 5.0 Air Magic
 + Level 5.0 Earth Magic
 + Level 5.0 Poison Magic
 + Level 6.6 Invocations
 + Level 6.0 Evocations


You had 13 spell levels left.
You knew the following spells:

 Your Spells              Type           Power        Failure   Level  Hunger
a - Blink                 Tloc           N/A          4%          2    None
b - Shroud of Golubria    Chrm/Tloc      ####......   8%          2    None
c - Teleport Other        Tloc           ####....     9%          3    ##.....
d - Lesser Beckoning      Tloc           ####......   9%          3    ##.....
e - Ensorcelled Hibernat  Hex/Ice        ###...       13%         2    None

Your spell library contained the following spells:

 Spells                   Type           Power        Failure   Level  Hunger
 Corona                   Hex            ###....      9%          1    None
 Gell's Gravitas          Tloc           ####......   9%          3    ##.....
 Confuse                  Hex            ###.....     26%         3    ##.....
 Dazzling Spray           Conj/Hex       ###...       26%         3    ##.....
 Tukima's Dance           Hex            ###.....     26%         3    ##.....
 Passage of Golubria      Tloc           N/A          30%         4    ####...


Dungeon Overview and Level Annotations

Branches:
Dungeon (10/15)            Temple (1/1) D:6            Lair (0/6) D:9
    Orc (0/2) D:10

Altars:
Ashenzari
Cheibriados
Dithmenos
Elyvilon
Fedhas
Gozag
Hepliaklqana
Kikubaaqudgha
Makhleb
Nemelex Xobeh
Okawaru
Qazlal
Ru
Trog
Uskayaw
Vehumet
Xom
Yredelemnul
Zin
The Shining One

Annotations:
D:3 1 runed translucent door
D:10 Grum


Innate Abilities, Weirdness & Mutations

Your experience applies equally to all skills.
You have very sharp teeth.
Your uncanny sense of smell can sniff out nearby items.


Message History

As you read the scroll of teleportation, it crumbles to dust.
You feel strangely unstable.
Your surroundings suddenly seem different.
An orc comes into view. It is wielding a +0 flail.
The orc shouts!
A sky beast comes into view.
The sky beast flickers out of sight!
Deactivating autopickup; reactivate with Ctrl-A.
A sky beast appears from thin air!
Reactivating autopickup.
The sky beast flickers out of sight!
Deactivating autopickup; reactivate with Ctrl-A.
Something hits you but does no damage.
There is a stone staircase leading down here.
A sky beast appears from thin air!
Reactivating autopickup.
The sky beast hits you.
* * * LOW HITPOINT WARNING * * *
The sky beast shocks you.
You die...

. #.##.#.....# .# #.#
#.##†#.....#
≈≈≈≈≈#####.###.##.#.....#
≈≈≈≈≈≈..........##.#######
≈≈≈≈≈≈≈.........##.#
≈≈≈≈≈≈≈≈........##.#
≈≈≈≈≈≈≈≈≈.......##.#
≈≈≈≈≈≈≈............#
≈≈≈≈≈...o..@...#####
≈≈≈≈≈≈....Y....#####
...≈≈..............#
.....#########.....# ....
#.....# ..
#####.....########
#.........'........
#.........########.
####....##'### #.


You could see a sky beast and an orc.

Vanquished Creatures
  Harold (D:7)
  Maurice (D:8)
  2 komodo dragons
  2 trolls
  A hornet (D:8)
  3 yaks (D:8)
  A soldier ant (D:8)
  A warg (D:10)
  A water moccasin (D:9)
  Duvessa (D:7)
  4 ice beasts
  4 orc warriors
  2 sky beasts
  4 black bears
  5 ogres
  A necrophage (D:7)
  3 wolves (D:10)
  3 big kobolds (D:8)
  7 bullfrogs
  4 scorpions
  Dowan (D:7)
  5 wights
  12 killer bees
  3 crimson imps
  A quasit (D:5)
  A gnoll shaman (D:4)
  6 hounds
  3 jellies
  6 orc priests
  A centaur skeleton (D:8)
  7 iguanas
  6 orc wizards
  9 worker ants
  A hound zombie (D:9)
  2 hound skeletons
  A howler monkey zombie (D:7)
  8 gnolls
  A river rat (D:5)
  9 adders
  2 shadow imps
  A white imp (D:6)
  5 oozes
  5 worms
  A dart slug (D:3)
  4 leopard geckos
  31 orcs
  2 ball pythons
  7 bats
  3 giant cockroaches
  7 goblins
  11 hobgoblins
  21 jackals
  2 quokkas
  4 frilled lizards
  27 kobolds
  A leopard gecko skeleton (D:9)
  2 quokka skeletons
  6 rats
276 creatures vanquished.

Vanquished Creatures (others)
  A troll (D:9)
  An ogre (D:9)
  A big kobold (D:9)
  A howler monkey (D:9)
  A centaur zombie (D:9)
  An iguana (D:9)
  A hound zombie (D:9)
  An orc (D:9)
  A plant (D:9)
9 creatures vanquished.

Grand Total: 285 creatures vanquished

Notes
Turn   | Place    | Note
-------+----------+-------------------------------------------
     0 | D:1      | Emblim88 the Gnoll Warper began the quest for the Orb.
     0 | D:1      | Reached XP level 1. HP: 20/20 MP: 6/6
    70 | D:1      | Reached XP level 2. HP: 26/26 MP: 7/7
   481 | D:1      | Reached XP level 3. HP: 29/31 MP: 9/9
   490 | D:1      | Reached skill level 5 in Spellcasting
   974 | D:1      | Found a snail-covered altar of Cheibriados.
   993 | D:1      | Reached skill level 1 in Invocations
  1001 | D:1      | Learned a level 2 spell: Blink
  1004 | D:1      | Learned a level 2 spell: Shroud of Golubria
  1008 | D:1      | Learned a level 3 spell: Teleport Other
  1485 | D:2      | Reached skill level 1 in Short Blades
  1485 | D:2      | Reached skill level 1 in Axes
  1485 | D:2      | Reached skill level 1 in Maces & Flails
  1485 | D:2      | Reached skill level 1 in Polearms
  1485 | D:2      | Reached skill level 1 in Staves
  1485 | D:2      | Reached skill level 1 in Slings
  1485 | D:2      | Reached skill level 1 in Bows
  1485 | D:2      | Reached skill level 1 in Crossbows
  1485 | D:2      | Reached skill level 1 in Stealth
  1485 | D:2      | Reached skill level 1 in Shields
  1485 | D:2      | Reached skill level 1 in Unarmed Combat
  1485 | D:2      | Reached skill level 1 in Evocations
  1486 | D:2      | Reached XP level 4. HP: 34/38 MP: 11/11
  1552 | D:2      | Found a blossoming altar of Fedhas.
  1773 | D:2      | Found a white marble altar of Elyvilon.
  1773 | D:2      | Found a stormy altar of Qazlal.
  1774 | D:2      | Found a hide-covered altar of Uskayaw.
  1783 | D:2      | Became a worshipper of Elyvilon the Healer
  2038 | D:3      | Reached skill level 1 in Conjurations
  2038 | D:3      | Reached skill level 1 in Hexes
  2038 | D:3      | Reached skill level 1 in Charms
  2038 | D:3      | Reached skill level 1 in Summonings
  2038 | D:3      | Reached skill level 1 in Necromancy
  2038 | D:3      | Reached skill level 1 in Transmutations
  2038 | D:3      | Reached skill level 1 in Fire Magic
  2038 | D:3      | Reached skill level 1 in Ice Magic
  2038 | D:3      | Reached skill level 1 in Air Magic
  2038 | D:3      | Reached skill level 1 in Earth Magic
  2038 | D:3      | Reached skill level 1 in Poison Magic
  2253 | D:3      | Found a runed translucent door.
  2254 | D:3      | Found a glowing silver altar of Zin.
  2254 | D:3      | Noticed an angel
  2258 | D:3      | Reached XP level 5. HP: 43/43 MP: 12/12
  2666 | D:3      | Reached XP level 6. HP: 45/50 MP: 13/13
  2921 | D:4      | Reached * piety under Elyvilon
  3247 | D:4      | Reached ** piety under Elyvilon
  3480 | D:5      | Entered Level 5 of the Dungeon
  3518 | D:4      | Reached skill level 5 in Fighting
  3518 | D:4      | Reached skill level 5 in Long Blades
  3518 | D:4      | Reached skill level 5 in Dodging
  3993 | D:5      | Found a shadowy altar of Dithmenos.
  4182 | D:5      | Reached XP level 7. HP: 47/56 MP: 15/15
  5106 | D:6      | Reached XP level 8. HP: 41/63 MP: 16/16
  5545 | D:6      | Found a staircase to the Ecumenical Temple.
  5556 | D:6      | Reached *** piety under Elyvilon
  5896 | D:6      | Got a jewelled long sword
  5897 | D:6      | Identified the +6 long sword "Newt's Regret" {drain, +Rage
                  | rC- rN+} (You found it on level 6 of the Dungeon)
  5979 | D:6      | Was placed under penance by Elyvilon
  6242 | D:7      | Noticed Harold
  6255 | D:7      | Killed Harold
  6255 | D:7      | Reached XP level 9. HP: 48/69 MP: 18/18
  6268 | Temple   | Entered the Ecumenical Temple
  6556 | Temple   | Fell from the grace of Elyvilon
  6556 | Temple   | Became a worshipper of Makhleb the Destroyer
  6679 | D:7      | Reached skill level 5 in Throwing
  6679 | D:7      | Reached skill level 5 in Armour
  6911 | D:7      | Reached skill level 5 in Invocations
  6926 | D:7      | Reached * piety under Makhleb
  6934 | D:7      | Noticed Dowan
  6935 | D:7      | Noticed Duvessa
  6946 | D:7      | Killed Dowan
  6954 | D:7      | Killed Duvessa
  7268 | D:7      | Learned a level 3 spell: Lesser Beckoning
  7400 | D:8      | Reached XP level 10. HP: 77/77 MP: 20/20
  7553 | D:8      | Found a radiant altar of Vehumet.
  8125 | D:8      | Reached skill level 5 in Short Blades
  8125 | D:8      | Reached skill level 5 in Axes
  8125 | D:8      | Reached skill level 5 in Maces & Flails
  8125 | D:8      | Reached skill level 5 in Polearms
  8125 | D:8      | Reached skill level 5 in Staves
  8125 | D:8      | Reached skill level 5 in Slings
  8125 | D:8      | Reached skill level 5 in Bows
  8125 | D:8      | Reached skill level 5 in Crossbows
  8125 | D:8      | Reached skill level 5 in Stealth
  8125 | D:8      | Reached skill level 5 in Shields
  8125 | D:8      | Reached skill level 5 in Unarmed Combat
  8125 | D:8      | Reached skill level 5 in Evocations
  8218 | D:8      | Found an iron altar of Okawaru.
  8318 | D:8      | Noticed Maurice
  8331 | D:8      | Killed Maurice
  9035 | D:8      | Reached ** piety under Makhleb
  9822 | D:8      | HP: 3/79 [yak (7)]
  9837 | D:8      | Was forgiven by Elyvilon
  9837 | D:8      | HP: 3/79 [yak (1)]
 10932 | D:9      | Reached XP level 11. HP: 84/84 MP: 22/22
 11054 | D:9      | Learned a level 2 spell: Ensorcelled Hibernation
 11165 | D:9      | Found a shattered altar of Ashenzari.
 11241 | D:9      | Found a hazy altar of Hepliaklqana.
 11339 | D:9      | Found a shimmering altar of Xom.
 11386 | D:9      | Found a staircase to the Lair.
 11669 | D:10     | Entered Level 10 of the Dungeon
 11770 | D:10     | Found a staircase to the Orcish Mines.
 11915 | D:10     | Reached *** piety under Makhleb
 11918 | D:10     | Noticed Grum
 11928 | D:10     | Reached skill level 5 in Conjurations
 11928 | D:10     | Reached skill level 5 in Hexes
 11928 | D:10     | Reached skill level 5 in Charms
 11928 | D:10     | Reached skill level 5 in Summonings
 11928 | D:10     | Reached skill level 5 in Necromancy
 11928 | D:10     | Reached skill level 5 in Transmutations
 11928 | D:10     | Reached skill level 5 in Fire Magic
 11928 | D:10     | Reached skill level 5 in Ice Magic
 11928 | D:10     | Reached skill level 5 in Air Magic
 11928 | D:10     | Reached skill level 5 in Earth Magic
 11928 | D:10     | Reached skill level 5 in Poison Magic
 11974 | D:10     | Noticed a two-headed ogre
 11983 | D:10     | HP: 4/85 [two-headed ogre/+0 giant spiked club (16)]
 11995 | D:10     | Slain by a sky beast

Skill      XL: |  1  2  3  4  5  6  7  8  9 10 11 |
---------------+----------------------------------+-----
Spellcasting   | 5 6 7 |  7.9
Invocations    | 1 2 3 4 5 6 |  6.6
Short Blades   | 1 2 4 5 6 |  6.0
Axes           | 1 2 4 5 6 |  6.0
Maces & Flails | 1 2 4 5 6 |  6.0
Polearms       | 1 2 4 5 6 |  6.0
Staves         | 1 2 4 5 6 |  6.0
Slings         | 1 2 4 5 6 |  6.0
Bows           | 1 2 4 5 6 |  6.0
Crossbows      | 1 2 4 5 6 |  6.0
Stealth        | 1 2 4 5 6 |  6.0
Shields        | 1 2 4 5 6 |  6.0
Unarmed Combat | 1 2 4 5 6 |  6.0
Evocations     | 1 2 4 5 6 |  6.0
Conjurations   | 1 2 3 4 5 |  5.0
Hexes          | 1 2 3 4 5 |  5.0
Charms         | 1 2 3 4 5 |  5.0
Summonings     | 1 2 3 4 5 |  5.0
Necromancy     | 1 2 3 4 5 |  5.0
Transmutations | 1 2 3 4 5 |  5.0
Fire Magic     | 1 2 3 4 5 |  5.0
Ice Magic      | 1 2 3 4 5 |  5.0
Air Magic      | 1 2 3 4 5 |  5.0
Earth Magic    | 1 2 3 4 5 |  5.0
Poison Magic   | 1 2 3 4 5 |  5.0
Throwing       | 3 4 5 6 |  6.6
Armour         | 3 4 5 6 |  6.6
Fighting       | 5 6 7 |  7.6
Long Blades    | 5 6 7 |  7.6
Dodging        | 5 6 7 |  7.6
Translocations | 6 7 |  7.5

Action                   |  1- 3 |  4- 6 |  7- 9 | 10-12 || total
-------------------------+-------+-------+-------+-------++-------
Melee: Falchion          |    81 |       |       |       ||    81
       Bite              |    16 |    22 |    42 |    58 ||   138
       Spear             |    36 |   260 |   238 |       ||   534
       Long sword        |       |       |   138 |   420 ||   558
Throw: Tomahawk          |       |     2 |     1 |     3 ||     6
 Cast: Ensorcelled Hiber |       |       |       |     6 ||     6
Invok: Minor Destruction |       |       |       |     1 ||     1
Evoke: Wand              |       |       |       |     1 ||     1
  Use: Potion            |       |     6 |       |     5 ||    11
       Scroll            |       |       |    11 |    11 ||    22
 Stab: Sleeping          |       |     1 |    10 |     5 ||    16
       Distracted        |       |       |     1 |       ||     1
       Confused          |       |       |       |     2 ||     2
  Eat: Ration            |     1 |     1 |     3 |     3 ||     8
       Chunk             |       |     4 |     3 |     3 ||    10
Armor: Leather armour    |    21 |       |       |       ||    21
       Chain mail        |     4 |       |       |       ||     4
       Scale mail        |     3 |    15 |       |       ||    18
       Ring mail         |       |    62 |   120 |   113 ||   295
Dodge: Dodged            |    78 |   117 |   144 |   200 ||   539
Block: Shield            |     9 |   106 |   192 |   273 ||   580
       Rpst.: Falchion   |    25 |       |       |       ||    25
       Long sword        |       |       |    19 |    55 ||    74
